Map: [ESL] Dragon Scales

Players

MaNa - Winner!

  • Race: Protoss Protoss
  • Spawn Location: 5:00

KingCobra

  • Race: Protoss Protoss
  • Spawn Location: 11:00

Event: ESL SC2 Masters 2023 Summer (Regionals)

VOD

Have the link to the VOD?

Description

Time

  • Played on: May 6, 2023, 11 a.m.
  • Length: 8:42

All games in this series

Show
View Real Time Build Order
Export as new Build Order

MaNa Protoss - Winner!

Build Orders: Phoenix Opening 

Get SALT Encoding   

  12  0:00  Probe  
  13  0:12  Probe  
  14  0:21  Pylon  
  14  0:24  Probe  
  15  0:39  Probe (Chrono Boost)  
  15  0:42  Gateway  
  16  0:45  Assimilator  
  16  0:48  Probe (Chrono Boost)  
  17  0:53  Probe (Chrono Boost)  
  18  1:05  Probe (Chrono Boost)  
  18  1:06  Assimilator  
  19  1:13  Probe (Chrono Boost)  
  19  1:18  Gateway  
  20  1:19  Probe  
  21  1:31  Probe  
  21  1:32  Cybernetics Core  
  22  1:35  Pylon  
  22  1:43  Probe  
  23  1:50  Pylon  
  23  1:55  Probe  
  24  2:08  Probe  
  25  2:09  Stalker x2  
  25  2:10  Warp Gate  
  25  2:14  Pylon  
  29  2:20  Pylon  
  30  2:32  Cybernetics Core  
  30  2:33  Probe  
  29  2:46  Probe  
  29  2:47  Stargate  
  29  2:51  Adept  
  32  2:58  Probe  
  33  3:00  Adept  
  36  3:18  Nexus  
  35  3:20  Probe  
  39  3:36  Pylon  
  39  3:38  Phoenix (Chrono Boost)  
  38  3:41  Probe  
  39  3:48  Twilight Council  
  39  3:54  Probe  
  40  4:04  Stalker x2  
  40  4:07  Probe  
  45  4:16  Blink (Chrono Boost)  
  45  4:21  Probe  
  46  4:32  Stalker  
  46  4:33  Stalker  
  46  4:36  Probe  
  46  4:37  Probe  
  52  4:45  Pylon  
  52  4:50  Gateway  
  52  4:56  Stalker  
  54  5:00  Stalker  
  54  5:03  Probe  
  54  5:04  Probe  
  58  5:12  Gateway  
  58  5:17  Probe x2  
  58  5:20  Stalker  
  62  5:24  Stalker  
  60  5:29  Probe x2  
  60  5:51  Stalker x3  
  60  5:54  Probe x2, Pylon  
  62  6:19  Stalker x4  
  62  6:21  Probe  
  69  6:31  Probe  
  68  6:33  Probe  
  65  6:42  Robotics Facility  
  61  6:51  Pylon  
  61  6:52  Pylon  
  61  6:53  Zealot x4  
  42  7:31  Observer (Chrono Boost)  
  37  7:44  Stalker  
  37  7:48  Stalker  
Show
View Real Time Build Order
Export as new Build Order

KingCobra Protoss 

Build Orders: Phoenix Opening 

Get SALT Encoding   

  12  0:00  Probe  
  13  0:12  Probe  
  14  0:20  Pylon  
  14  0:24  Probe  
  15  0:38  Probe (Chrono Boost)  
  15  0:41  Gateway  
  16  0:48  Probe (Chrono Boost), Assimilator  
  17  0:53  Probe (Chrono Boost)  
  18  1:01  Pylon  
  18  1:04  Probe (Chrono Boost)  
  18  1:06  Assimilator  
  19  1:13  Probe (Chrono Boost)  
  20  1:19  Probe  
  21  1:30  Cybernetics Core  
  21  1:32  Zealot  
  23  1:34  Probe  
  24  1:46  Probe  
  25  1:59  Probe  
  26  2:06  Warp Gate, Sentry  
  28  2:11  Probe  
  29  2:23  Pylon  
  29  2:29  Stalker (Chrono Boost)  
  31  2:45  Stargate  
  31  2:47  Shield Battery  
  31  2:55  Pylon  
  31  2:56  Stalker (Chrono Boost)  
  32  3:10  Nexus  
  32  3:17  Pylon  
  32  3:22  Stalker  
  34  3:27  Probe  
  34  3:32  Phoenix (Chrono Boost)  
  38  3:53  Phoenix  
  39  4:03  Pylon  
  39  4:08  Shield Battery  
  39  4:11  Gateway  
  39  4:21  Phoenix (Chrono Boost)  
  39  4:23  Probe (Chrono Boost)  
  42  4:25  Twilight Council  
  42  4:27  Probe (Chrono Boost)  
  43  4:34  Assimilator  
  43  4:37  Probe (Chrono Boost)  
  43  4:38  Probe (Chrono Boost)  
  45  4:41  Phoenix  
  47  4:46  Probe  
  47  4:48  Probe  
  49  4:58  Probe  
  50  5:00  Probe  
  50  5:03  Dark Shrine  
  51  5:08  Gateway  
  51  5:11  Probe  
  51  5:12  Probe  
  53  5:28  Stalker  
  53  5:29  Stalker  
  53  5:33  Pylon  
  57  5:38  Pylon  
  57  5:42  Robotics Facility  
  57  5:58  Shield Battery  
  57  5:59  Probe x2  
  59  6:10  Stalker  
  59  6:11  Stalker  
  61  6:17  Dark Templar  
  57  6:23  Probe x2  
  55  6:33  Dark Templar  
  55  6:35  Dark Templar  
  44  6:59  Dark Templar  
  40  7:08  Zealot x2  
  35  7:24  Probe x2  
  33  7:33  Zealot x3  
  25  7:46  Immortal (Chrono Boost)  
  25  7:48  Shield Battery  
  23  8:03  Zealot x2  
Tags
 
Add a new tag
Caveats
  • Supply blocks, unpowered buildings, or Contaminate may cause inaccurate times.
  • Supply counts are checked every 10 seconds.